3AAA
HIALEAH DODOS @ PORT ROYAL DISASTER
07/11/2026
 
TOP OF THE 1ST
Hialeah Dodos batting - Pitching for Port Royal Disaster : RHP Dennis Brown
Pitching: RHP Dennis Brown
Batting: RHB Jorge Salgado 0-0: Ball
1-0: Fly out, F8 (Flyball, 8RS)
Batting: LHB Errol Levick 0-0: Ball
1-0: Ball
2-0: Ball
3-0: Base on Balls
Batting: LHB Álex Burgos 0-0: Called Strike
0-1: Ball
1-1: Foul Ball, location: 2F
1-2: Fielders Choice at 2nd, 4-6 (Groundball, 34)
Batting: RHB Aurelio Álvarez 0-0: Called Strike
0-1: Called Strike
0-2: Ball
1-2: Ball
2-2: Fielders Choice at 2nd, 6-4 (Groundball, 6)
Top of the 1st over - 0 run(s), 0 hit(s), 0 error(s), 0 left on base; Hialeah 0 - Port Royal 0
BOTTOM OF THE 1ST
Port Royal Disaster batting - Pitching for Hialeah Dodos : RHP Lucas Begay
Pitching: RHP Lucas Begay
Batting: RHB Aurelio García 0-0: Ball
1-0: Foul Ball, location: 2F
1-1: Swinging Strike
1-2: Strikes out swinging
Batting: RHB David McJannett 0-0: Foul Ball, location: 2F
0-1: Ball
1-1: Called Strike
1-2: Ground out 5-3 (Groundball, 56)
Batting: RHB Manuel Becerra 0-0: Ball
1-0: Called Strike
1-1: Ball
2-1: Swinging Strike
2-2: Ground out 6-3 (Groundball, 6)
Bottom of the 1st over - 0 run(s), 0 hit(s), 0 error(s), 0 left on base; Hialeah 0 - Port Royal 0
TOP OF THE 2ND
Hialeah Dodos batting - Pitching for Port Royal Disaster : RHP Dennis Brown
Batting: LHB Perry Bothof 0-0: Called Strike
0-1: Ball
1-1: Ball
2-1: Ground out U3 (Groundball, 34)
Batting: LHB Alfonso Núñez 0-0: Ball
1-0: Ground out 4-3 (Groundball, 34)
Batting: SHB Luis Manuel Flores 0-0: Swinging Strike
0-1: Ball
1-1: Called Strike
1-2: DOUBLE (Line Drive, 9LM)
Batting: RHB Armando García 0-0: Fly out, F9 (Flyball, 9LM)
Top of the 2nd over - 0 run(s), 1 hit(s), 0 error(s), 1 left on base; Hialeah 0 - Port Royal 0
BOTTOM OF THE 2ND
Port Royal Disaster batting - Pitching for Hialeah Dodos : RHP Lucas Begay
Batting: LHB Davis Mills 0-0: Foul Ball, location: 2F
0-1: Fly out, F8 (Flyball, 8LD)
Batting: RHB Mike Green 0-0: Ball
1-0: Ball
2-0: Swinging Strike
2-1: Ball
3-1: Called Strike
3-2: Foul Ball, location: 2F
3-2: Base on Balls
Batting: SHB Arsenio Sameiro 0-0: SINGLE (Groundball, 56D)
Mike Green to second
Batting: RHB Ronnie Cleveland 0-0: Swinging Strike
0-1: Ball
1-1: Called Strike
1-2: Ball
2-2: Ball
3-2: Foul Ball, location: 2F
3-2: Grounds into double play, 6-4-3 (Groundball, 6)
Bottom of the 2nd over - 0 run(s), 1 hit(s), 0 error(s), 1 left on base; Hialeah 0 - Port Royal 0
TOP OF THE 3RD
Hialeah Dodos batting - Pitching for Port Royal Disaster : RHP Dennis Brown
Batting: RHB Daniel Ruíz 0-0: Ball
1-0: Called Strike
1-1: Ball
2-1: Foul Ball, location: 2F
2-2: Ground out U3 (Groundball, 3S)
Batting: RHB Jorge Salgado 0-0: Ball
1-0: DOUBLE (Groundball, 3L)
Batting: LHB Errol Levick 0-0: Called Strike
0-1: Ball
Jorge Salgado is caught stealing 3rd base
1-1: Foul Ball, location: 2F
1-2: Strikes out looking
Top of the 3rd over - 0 run(s), 1 hit(s), 0 error(s), 0 left on base; Hialeah 0 - Port Royal 0
BOTTOM OF THE 3RD
Port Royal Disaster batting - Pitching for Hialeah Dodos : RHP Lucas Begay
Batting: RHB Nelson Abbey 0-0: Called Strike
0-1: Called Strike
0-2: Ball
1-2: Ball
2-2: Ball
3-2: Ground out 5-3 (Groundball, 5)
Batting: LHB Jim Schlossnagle 0-0: Called Strike
0-1: SOLO HOME RUN (Line Drive, 9D), Distance : 405 ft
Batting: RHB Aurelio García 0-0: Ball
1-0: Foul Ball, location: 2F
1-1: Swinging Strike
1-2: Ball
2-2: Ball
3-2: Fly out, F6 (Line Drive, 6)
Batting: RHB David McJannett 0-0: Ball
1-0: Ball
2-0: Foul Ball, location: 2F
2-1: Fly out, F9 (Line Drive, 9S)
Bottom of the 3rd over - 1 run(s), 1 hit(s), 0 error(s), 0 left on base; Hialeah 0 - Port Royal 1
TOP OF THE 4TH
Hialeah Dodos batting - Pitching for Port Royal Disaster : RHP Dennis Brown
Batting: LHB Álex Burgos 0-0: Swinging Strike
0-1: Foul Ball, location: 2F
0-2: Ball
1-2: Fly out, F8 (Line Drive, 8RM)
Batting: RHB Aurelio Álvarez 0-0: Ball
1-0: Ground out 3-1 (Groundball, 3S)
Batting: LHB Perry Bothof 0-0: Ground out 4-3 (Groundball, 4)
Top of the 4th over - 0 run(s), 0 hit(s), 0 error(s), 0 left on base; Hialeah 0 - Port Royal 1
BOTTOM OF THE 4TH
Port Royal Disaster batting - Pitching for Hialeah Dodos : RHP Lucas Begay
Batting: RHB Manuel Becerra 0-0: Ball
1-0: Ball
2-0: Ball
3-0: Base on Balls
Batting: LHB Davis Mills 0-0: Ball
1-0: Fly out, F8 (Flyball, 8LS)
Batting: RHB Mike Green 0-0: Ball
1-0: Swinging Strike
1-1: Ball
2-1: Fly out, F7 (Flyball, 7S)
Batting: SHB Arsenio Sameiro 0-0: Ball
1-0: Ball
2-0: Foul Ball, location: 2F
2-1: Called Strike
2-2: Foul Ball, location: 2F
2-2: Ball
3-2: SINGLE (Groundball, 34D)
Manuel Becerra to second
Manuel Becerra to third
Batting: RHB Ronnie Cleveland 0-0: Called Strike
0-1: Ball
1-1: Called Strike
1-2: Strikes out swinging
Bottom of the 4th over - 0 run(s), 1 hit(s), 0 error(s), 2 left on base; Hialeah 0 - Port Royal 1
TOP OF THE 5TH
Hialeah Dodos batting - Pitching for Port Royal Disaster : RHP Dennis Brown
Batting: LHB Alfonso Núñez 0-0: Ground out 6-3 (Groundball, 6MD)
Batting: SHB Luis Manuel Flores 0-0: Called Strike
0-1: Called Strike
0-2: Foul Ball, location: 2F
0-2: Foul Ball, location: 2F
0-2: Ball
1-2: Ball
2-2: Strikes out looking
Batting: RHB Armando García 0-0: Ground out 6-3 (Groundball, 6)
Top of the 5th over - 0 run(s), 0 hit(s), 0 error(s), 0 left on base; Hialeah 0 - Port Royal 1
BOTTOM OF THE 5TH
Port Royal Disaster batting - Pitching for Hialeah Dodos : RHP Lucas Begay
Batting: RHB Nelson Abbey 0-0: Ball
1-0: Ball
2-0: Ground out 6-3 (Groundball, 6)
Batting: LHB Jim Schlossnagle 0-0: Ball
1-0: Swinging Strike
1-1: Ball
2-1: Ball
3-1: Called Strike
3-2: Fly out, F4 (Line Drive, 4)
Batting: RHB Aurelio García 0-0: Called Strike
0-1: Foul Ball, location: 2F
0-2: Strikes out swinging, 2-3 out at first.
Bottom of the 5th over - 0 run(s), 0 hit(s), 0 error(s), 0 left on base; Hialeah 0 - Port Royal 1
TOP OF THE 6TH
Hialeah Dodos batting - Pitching for Port Royal Disaster : RHP Dennis Brown
Batting: RHB Daniel Ruíz 0-0: Called Strike
0-1: Ground out 6-3 (Groundball, 6)
Batting: RHB Jorge Salgado 0-0: Called Strike
0-1: SINGLE (Groundball, 4D)
Batting: LHB Errol Levick 0-0: Foul Ball, location: 2F
0-1: Ball
1-1: Ball
2-1: Foul Ball, location: 2F
2-2: Strikes out swinging
Batting: LHB Álex Burgos 0-0: Ball
1-0: Ball
2-0: Foul Ball, location: 2F
2-1: Ball
3-1: Foul Ball, location: 2F
3-2: Base on Balls
Jorge Salgado to second
Batting: RHB Aurelio Álvarez 0-0: Fielders Choice at 2nd, 4-6 (Groundball, 4)
Top of the 6th over - 0 run(s), 1 hit(s), 0 error(s), 1 left on base; Hialeah 0 - Port Royal 1
BOTTOM OF THE 6TH
Port Royal Disaster batting - Pitching for Hialeah Dodos : RHP Lucas Begay
Batting: RHB David McJannett 0-0: Ball
1-0: Ground out 5-3 (Groundball, 5S)
Batting: RHB Manuel Becerra 0-0: Foul Ball, location: 2F
0-1: Swinging Strike
0-2: Strikes out swinging
Batting: LHB Davis Mills 0-0: Foul Ball, location: 2F
0-1: Fly out, F7 (Flyball, 7S)
Bottom of the 6th over - 0 run(s), 0 hit(s), 0 error(s), 0 left on base; Hialeah 0 - Port Royal 1
TOP OF THE 7TH
Hialeah Dodos batting - Pitching for Port Royal Disaster : RHP Dennis Brown
Batting: LHB Perry Bothof 0-0: Ball
1-0: Ball
2-0: Foul Ball, location: 2F
2-1: Ball
3-1: Called Strike
3-2: Fly out, F7 (Flyball, 78S)
Batting: LHB Alfonso Núñez 0-0: Ball
1-0: Ground out 3-1 (Groundball, 34S)
Batting: SHB Luis Manuel Flores 0-0: Called Strike
0-1: Ball
1-1: Foul Ball, location: 2F
1-2: Foul Ball, location: 2F
1-2: Strikes out swinging
Top of the 7th over - 0 run(s), 0 hit(s), 0 error(s), 0 left on base; Hialeah 0 - Port Royal 1
BOTTOM OF THE 7TH
Port Royal Disaster batting - Pitching for Hialeah Dodos : RHP Lucas Begay
Batting: RHB Mike Green 0-0: Called Strike
0-1: Swinging Strike
0-2: Fly out, F8 (Flyball, 8LM)
Batting: SHB Arsenio Sameiro 0-0: Called Strike
0-1: Called Strike
0-2: Ball
1-2: Ground out 1-3 (Groundball, 15S)
Batting: RHB Ronnie Cleveland 0-0: Ground out 6-3 (Groundball, 6)
Bottom of the 7th over - 0 run(s), 0 hit(s), 0 error(s), 0 left on base; Hialeah 0 - Port Royal 1
TOP OF THE 8TH
Hialeah Dodos batting - Pitching for Port Royal Disaster : RHP Dennis Brown
Pitching: RHP Ricardo Campos
Batting: RHB Armando García 0-0: Ball
1-0: SINGLE (Line Drive, 56D)
Batting: RHB Daniel Ruíz 0-0: Reached on error, E1 (Groundball, 15)
Armando García to third
Pinch Hitting: RHB Lorenzo Ramírez 0-0: Foul Ball, location: 2F
0-1: Ball
1-1: Called Strike
1-2: Strikes out swinging
Pitching: LHP Pedro Pacheco
Batting: LHB Errol Levick 0-0: Called Strike
0-1: Foul Ball, location: 2F
0-2: Ball
1-2: Ball
2-2: Strikes out swinging
Batting: LHB Álex Burgos 0-0: Foul Ball, location: 2F
0-1: Ball
1-1: Swinging Strike
1-2: Ball
2-2: Foul Ball, location: 2F
2-2: Strikes out swinging
Top of the 8th over - 0 run(s), 1 hit(s), 1 error(s), 2 left on base; Hialeah 0 - Port Royal 1
BOTTOM OF THE 8TH
Port Royal Disaster batting - Pitching for Hialeah Dodos : RHP Lucas Begay
Now in CF: Johnny Hernández
Batting: RHB Nelson Abbey 0-0: Swinging Strike
0-1: Ball
1-1: Ball
2-1: Ball
3-1: Swinging Strike
3-2: Strikes out swinging
Batting: LHB Jim Schlossnagle 0-0: Fly out, F7 (Flyball, 7S)
Batting: RHB Aurelio García 0-0: Called Strike
0-1: Called Strike
0-2: Strikes out looking
Bottom of the 8th over - 0 run(s), 0 hit(s), 0 error(s), 0 left on base; Hialeah 0 - Port Royal 1
TOP OF THE 9TH
Hialeah Dodos batting - Pitching for Port Royal Disaster : LHP Pedro Pacheco
Pitching: LHP Aukukero Mincarlie Jr.
Now in LF: Bob Rogers
Batting: RHB Aurelio Álvarez 0-0: Ball
1-0: Ball
2-0: Called Strike
2-1: Foul Ball, location: 2F
2-2: SINGLE (Flyball, 89S)
Batting: LHB Perry Bothof 0-0: 2-RUN HOME RUN (Flyball, 89XD), Distance : 423 ft
Batting: LHB Alfonso Núñez 0-0: Ball
1-0: Ball
2-0: Called Strike
2-1: Swinging Strike
2-2: Foul Ball, location: 2F
2-2: Foul Ball, location: 2F
2-2: Ball
3-2: Foul Ball, location: 2F
3-2: Foul Ball, location: 2F
3-2: Fly out, F7 (Flyball, 7LS)
Batting: SHB Luis Manuel Flores 0-0: Foul Ball, location: 2F
0-1: Ball
1-1: Ball
2-1: Ball
3-1: Base on Balls
Batting: RHB Armando García 0-0: Ball
1-0: Called Strike
Luis Manuel Flores steals 2nd base
1-1: Intentional Walk
Batting: RHB Daniel Ruíz 0-0: Ball
1-0: Foul Ball, location: 2F
1-1: Called Strike
1-2: Ball
2-2: Strikes out looking
Pinch Hitting: RHB Zander Bailey 0-0: Ball
1-0: Called Strike
1-1: Foul Ball, location: 2F
1-2: Foul Ball, location: 2F
1-2: Foul Ball, location: 2F
1-2: Reached on error, E1 (Groundball, P)
Luis Manuel Flores to third
Armando García to second
Batting: LHB Errol Levick 0-0: SINGLE (Groundball, 4) (infield hit)
Luis Manuel Flores scores
Armando García to third
Zander Bailey to second
Pitching: RHP Alfredo Hernández
Batting: LHB Álex Burgos 0-0: Called Strike
0-1: Fly out, F9 (Flyball, 9LSF)
Top of the 9th over - 3 run(s), 3 hit(s), 1 error(s), 3 left on base; Hialeah 3 - Port Royal 1
BOTTOM OF THE 9TH
Port Royal Disaster batting - Pitching for Hialeah Dodos : RHP Lucas Begay
Pitching: RHP Olegário Pa
Now in CF: Steve McLeod
Batting: RHB David McJannett 0-0: Ball
1-0: Called Strike
1-1: Ball
2-1: Foul Ball, location: 2F
2-2: SINGLE (Groundball, 6MD)
Batting: RHB Manuel Becerra 0-0: Called Strike
0-1: Ball
1-1: Ball
2-1: Foul Ball, location: 2F
2-2: Foul Ball, location: 2F
2-2: Foul Ball, location: 2F
2-2: Foul Ball, location: 2F
2-2: Ball
3-2: Fielders Choice at 2nd, 6-4 (Groundball, 6)
Batting: LHB Davis Mills 0-0: Called Strike
0-1: Ball
1-1: 2-RUN HOME RUN (Flyball, 9LD), Distance : 343 ft
Batting: RHB Mike Green 0-0: Ball
1-0: Swinging Strike
1-1: Swinging Strike
1-2: Ball
2-2: Strikes out looking
Batting: SHB Arsenio Sameiro 0-0: Ground out 4-3 (Groundball, 34)
Bottom of the 9th over - 2 run(s), 2 hit(s), 0 error(s), 0 left on base; Hialeah 3 - Port Royal 3
TOP OF THE 10TH
Hialeah Dodos batting - Pitching for Port Royal Disaster : RHP Alfredo Hernández
Pitching: RHP Esteban García
Batting: RHB Aurelio Álvarez 0-0: Called Strike
0-1: Foul Ball, location: 2F
0-2: Ground out 6-3 (Groundball, 6)
Batting: LHB Perry Bothof 0-0: Ball
1-0: Called Strike
1-1: Called Strike
1-2: Ball
2-2: Ball
3-2: SINGLE (Groundball, 4MD)
Pinch Runner at 1st David Abreu:
Batting: LHB Alfonso Núñez 0-0: Called Strike
0-1: Ball
1-1: Swinging Strike
1-2: Ball
2-2: Foul Ball, location: 2F
2-2: Foul Ball, location: 2F
2-2: Strikes out swinging
Batting: SHB Luis Manuel Flores 0-0: Ball
David Abreu is caught stealing 2nd base
Top of the 10th over - 0 run(s), 1 hit(s), 0 error(s), 0 left on base; Hialeah 3 - Port Royal 3
BOTTOM OF THE 10TH
Port Royal Disaster batting - Pitching for Hialeah Dodos : RHP Olegário Pa
Batting: RHB Ronnie Cleveland 0-0: Foul Ball, location: 2F
0-1: Ball
1-1: Ball
2-1: Fly out, F8 (Flyball, 8LM)
Batting: RHB Nelson Abbey 0-0: Ball
1-0: Called Strike
1-1: Swinging Strike
1-2: Strikes out swinging
Batting: SHB Bob Rogers 0-0: Called Strike
0-1: Ball
1-1: Swinging Strike
1-2: Ball
2-2: Ball
3-2: Base on Balls
Batting: RHB Aurelio García 0-0: Called Strike
0-1: Ball
Bob Rogers is caught stealing 2nd base
Bottom of the 10th over - 0 run(s), 0 hit(s), 0 error(s), 0 left on base; Hialeah 3 - Port Royal 3
TOP OF THE 11TH
Hialeah Dodos batting - Pitching for Port Royal Disaster : RHP Esteban García
Batting: SHB Luis Manuel Flores 0-0: Swinging Strike
0-1: Foul Ball, location: 2F
0-2: Ground out 6-3 (Groundball, 6)
Batting: RHB Armando García 0-0: Ball
1-0: Swinging Strike
1-1: Foul Ball, location: 2F
1-2: Ball
2-2: Fly out, F8 (Flyball, 8LD)
Batting: RHB Daniel Ruíz 0-0: Ball
1-0: Ball
2-0: Fly out, F8 (Flyball, 8RD)
Top of the 11th over - 0 run(s), 0 hit(s), 0 error(s), 0 left on base; Hialeah 3 - Port Royal 3
BOTTOM OF THE 11TH
Port Royal Disaster batting - Pitching for Hialeah Dodos : RHP Olegário Pa
Batting: RHB Aurelio García 0-0: SINGLE (Line Drive, 8LS)
Batting: RHB David McJannett 0-0: Ball
1-0: Called Strike
Aurelio García steals 2nd base
1-1: Sac Bunt - play at first, batter OUT! 1-4
Aurelio García to third
Batting: RHB Manuel Becerra 0-0: Intentional Walk
Batting: LHB Davis Mills 0-0: Foul Ball, location: 2F
0-1: Ball
1-1: Called Strike
Manuel Becerra steals 2nd base
1-2: Intentional Walk
Batting: RHB Mike Green 0-0: Ball
1-0: Fly out, F9 (Flyball, 9LM)
Runner from 3rd tags up, SCORES, no throw
Monday, March 20th, 2017 - OOTP Baseball 17.12 Build 75